 Dungeon Crawl Stone Soup version 0.29-a0-206-g4a66f2e2b5 (webtiles) character file.

Game seed: 7018894166052350701

145094 Hasart the Marksdemigod (level 16, -2/141 HPs)
             Began as a Demigod Hunter on Feb 23, 2022.
             Shot with an arrow by a naga warrior (24 damage)
             ... on level 4 of the Snake Pit.
             The game lasted 01:30:48 (36335 turns).

Hasart the Marksdemigod (Demigod Hunter)           Turns: 36335, Time: 01:30:50

Health: -2/141     AC:  9    Str: 13    XL:     16   Next: 33%
Magic:  17/35      EV: 27    Int: 29    God:
Gold:   222        SH:  0    Dex: 34    Spells: 17/36 levels left

rFire   . . .      SeeInvis .   G - +4 longbow (venom)
rCold   + + .      Faith    .   (shield currently unavailable)
rNeg    . . .      Spirit   .   E - +0 troll leather armour
rPois   .          Reflect  .   o - +0 helmet
rElec   +          Harm     .   (no cloak)
rCorr   +          Rampage  .   f - +2 pair of gloves of the Gravedigger {rC+ rCorr Int+4}
Will    ++...                   A - +0 pair of boots
Stlth   +++++.....              W - amulet "Lonaraagg" {Acrobat Int+6}
HPRegen 1.13/turn               L - ring of willpower
MPRegen 0.24/turn               I - ring of Umevobon {rElec rC+ Int+6}

@: lethally poisoned (-2 -> -3), studying 3 skills
A: high MP 1, forlorn, divine attributes
a: no special abilities


You were on level 4 of the Snake Pit.
You visited 5 branches of the dungeon, and saw 28 of its levels.
You visited 1 bazaar.
You also visited: Gauntlet.

You collected 2850 gold pieces.
You spent 2628 gold pieces at shops.

Inventory:

Hand Weapons
 a - a +2 vorpal shortbow
 G - a +4 longbow of venom (weapon)
 S - a +0 longbow
Missiles
 r - 3 throwing nets
 F - a curare-tipped dart
Armour
 f - the +2 pair of gloves of the Gravedigger (worn) {rC+ rCorr Int+4}
   (You acquired it on level 4 of the Dungeon)

   Int:       It affects your intelligence (+4).
   rC:        It protects you from cold.
   rCorr:     It protects you from acid and corrosion.
 j - a +3 leather armour of positive energy
 o - a +0 helmet (worn)
 A - a +0 pair of boots (worn)
 E - a +0 troll leather armour (worn)
 H - a +2 robe of cold resistance
Jewellery
 p - a ring of fire
 t - an amulet of guardian spirit
 v - a ring of magical power
 x - a +6 ring of strength
 B - the ring "Needojap" {Ice rElec rPois Str+3 Dex-3}
   (You found it in a Gauntlet)

   [ring of ice]

   It enhances your ice magic.
   Str:       It affects your strength (+3).
   Dex:       It affects your dexterity (-3).
   rF:        It makes you vulnerable to fire.
   rC:        It protects you from cold.
   rElec:     It insulates you from electricity.
   rPois:     It protects you from poison.
 I - the ring of Umevobon (right hand) {rElec rC+ Int+6}
   (You bought it in a shop on level 2 of the Orcish Mines)

   [ring of intelligence]

   Int:       It affects your intelligence (+6).
   rC:        It protects you from cold.
   rElec:     It insulates you from electricity.
 L - a ring of willpower (left hand)
 M - a ring of wizardry
 R - a ring of ice
 U - a +6 ring of dexterity
 V - a ring of positive energy
 W - the amulet "Lonaraagg" (around neck) {Acrobat Int+6}
   (You found it on level 1 of the Snake Pit)

   [amulet of the acrobat]

   It increases your evasion while moving and waiting.
   Int:       It affects your intelligence (+6).
 Y - a ring of magical power
Wands
 c - a wand of iceblast (29)
 y - a wand of mindburst (16)
 K - a wand of polymorph (17)
 Q - a wand of acid (6)
 T - a wand of flame (7)
Scrolls
 b - 4 scrolls of blinking
 h - 9 scrolls of teleportation
 k - 10 scrolls of identify
 l - 2 scrolls of immolation
 u - 2 scrolls of enchant armour
 D - 4 scrolls of fear
 N - a scroll of magic mapping
 O - a scroll of holy word
 P - a scroll of amnesia
 X - a scroll of silence
 Z - a scroll of summoning
Potions
 d - 9 potions of curing
 e - 8 potions of heal wounds
 g - 2 potions of invisibility
 i - 3 potions of might
 m - 3 potions of magic
 n - 6 potions of mutation
 q - 3 potions of cancellation
 s - 4 potions of brilliance
 w - 5 potions of haste
 z - 8 potions of ambrosia
 C - 2 potions of berserk rage
 J - 3 potions of resistance


   Skills:
 + Level 12.4 Fighting
 * Level 17.4 Bows
 + Level 12.5 Dodging
 - Level 10.0 Stealth
 + Level 10.8 Spellcasting
 + Level 3.7 Conjurations
 + Level 5.2 Hexes
 + Level 0.4 Summonings
 + Level 7.1 Translocations


You had 17 spell levels left.
You knew the following spells:

 Your Spells              Type           Power      Damage    Failure   Level
a - Summon Forest         Summ/Tloc      18%        N/A       26%         5
b - Gell's Gravitas       Tloc           55%        N/A       1%          3
c - Portal Projectile     Hex/Tloc       100%       N/A       1%          3
d - Iskenderun's Mystic   Conj/Tloc      47%        2d10      4%          4
g - Passage of Golubria   Tloc           55%        N/A       2%          4

Your spell library contained the following spells:

 Spells                   Type           Power      Damage    Failure   Level
 Teleport Other           Tloc           55%        N/A       1%          3
 Tukima's Dance           Hex            46%        N/A       1%          3
 Beastly Appendage        Tmut           30%        N/A       4%          1
 Cause Fear               Hex            23%        N/A       4%          4
 Sublimation of Blood     Necr           15%        N/A       7%          2
 Wereblood                Tmut           15%        N/A       7%          2
 Fulminant Prism          Conj/Hex       21%        3d13      7%          4
 Ozocubu's Armour         Ice            15%        N/A       13%         3
 Spider Form              Tmut/Pois      15%        N/A       13%         3
 Anguish                  Hex/Necr       15%        N/A       14%         4
 Leda's Liquefaction      Hex/Erth       15%        N/A       14%         4
 Dispersal                Tloc           27%        N/A       34%         6
 Animate Armour           Summ/Erth      34%        N/A       36%         4
 Summon Mana Viper        Hex/Summ       32%        N/A       36%         5
 Metabolic Englaciation   Hex/Ice        15%        N/A       38%         5
 Yara's Violent Unravell  Hex/Tmut       15%        3d8       38%         5
 Petrify                  Tmut/Erth      15%        N/A       41%         4
 Irradiate                Conj/Tmut      13%        3d17      50%         5
 Blade Hands              Tmut           7%         N/A       77%         5
 Excruciating Wounds      Necr           7%         N/A       77%         5
 Lee's Rapid Deconstruct  Erth           7%         3d8*      77%         5
 Iron Shot                Conj/Erth      13%        9d3       97%         6
 Summon Cactus Giant      Summ           9%         N/A       99%         6
 Enfeeble                 Hex            23%        N/A       99%         7
 Eringya's Noxious Bog    Tmut/Pois      7%         N/A       100%        6
 Statue Form              Tmut/Erth      10%        N/A       100%        6
 Dragon Form              Tmut           7%         N/A       100%        7
 Ozocubu's Refrigeration  Ice            7%         4d6       100%        7
 Summon Hydra             Summ           9%         N/A       100%        7
 Disjunction              Tloc           27%        N/A       100%        8
 Dragon's Call            Summ           9%         N/A       100%        9


Dungeon Overview and Level Annotations

Branches:
Dungeon (15/15)            Temple (0/1) D:5            Lair (6/6) D:10
 Shoals (0/4) Lair:3        Snake (4/4) Lair:4        Slime (0/5) Lair:6
    Orc (2/2) D:11            Elf (1/3) Orc:2        Vaults (0/5) D:14
 Depths (0/4) D:15        Gauntlet (visited)

Shops:
D:6 (   D:12 *   Orc:2 =[***   Snake:1 (   Snake:2 !:   Snake:3 *

Annotations:
Orc:1 Harold


Innate Abilities, Weirdness & Mutations

You have an increased reservoir of magic. (+10% MP)
You shall have no god before yourself.
Your divine heritage dramatically boosts your attributes as you level up.


Message History

Unknown command.
Unknown command.
You feel sick.
The naga warrior unwields a +0 scimitar.
The naga warrior wields a +0 shortbow.
The naga warrior shoots an arrow.
The arrow completely misses you.
The naga warrior roars a battlecry!
The naga mage goes into a battle-frenzy!
You see here a +0 short sword.
Shoot: G) +4 longbow (venom)
Press: ? - help, Q - select action, (/) - cycle Shift-Dir - straight line, f - guardian serpent, p - naga warrior
Aim: a guardian serpent (severely wounded, 70% to hit)
You shoot an arrow.
The arrow barely misses the guardian serpent.
You feel sick. The guardian serpent misses you.
A naga comes into view. It is wielding a +0 scimitar.
The naga warrior spits poison at you.
The splash of poison hits you but does no damage.
You are more poisoned.
The naga warrior roars a battlecry!
Unknown command.
Shoot: G) +4 longbow (venom)
Press: ? - help, Q - select action, (/) - cycle Shift-Dir - straight line, f/p - guardian serpent
Aim: a guardian serpent (severely wounded, 70% to hit)
You shoot an arrow. The arrow hits the guardian serpent!!
You kill the guardian serpent!
You feel very sick.
The salamander hits you from afar with a +2 halberd of protection!
* * * LOW HITPOINT WARNING * * *
You are engulfed in flames!
* * * LOW HITPOINT WARNING * * *
The naga warrior shoots an arrow.
The arrow completely misses you.
Unknown command.
Blink to where?
Press: ? - help, Dir - move target
As you read the scroll of blinking, it crumbles to dust.
You feel sick.
The naga warrior no longer looks unusually strong.
The naga warrior shoots an arrow.
The arrow hits you!!
You die...

### #.# ### ### #.### ###.#
#.. #...#####...# ##..
#..........## #...
#..........# ##...
#..........# ##....
#..........## #..... ##*
#...@.......####....#
#.#####...................#
*#..N.................†...#
##).##########...........#
#§.#,,*,,,,,##...........
##†#,,,,,,,,,+...........
**#N#,,,,,,,,,#.......####
*#$..#*,,,,,,,*#.......#,,*
#....#,,,,,,,,*........#,,,


You could see a naga warrior (catching breath).

Vanquished Creatures
  Frances (D:14)
  Roxanne (D:14)
  Kirke (Lair:5)
  A nagaraja (Snake:2)
  A quicksilver ooze (Gauntlet)
  A minotaur (Gauntlet)
  Snorg (Lair:5)
  A fire dragon (D:15)
  11 naga warriors
  A salamander tyrant (Snake:3)
  An ice dragon (D:15)
  4 boulder beetles
  10 hydras
  5 two-headed ogres
  6 anacondas
  5 centaur warriors
  2 catoblepae
  4 dancing weapons
  10 death yaks
  A tengu warrior (D:13)
  4 naga sharpshooters
  Urug (Lair:5)
  8 shock serpents
  3 salamander mystics
  A glowing orange brain (D:14)
  4 naga ritualists
  A steelbarb worm (shapeshifter) (D:15)
  Pikel (D:5)
  A deep elf zephyrmancer (Elf:1)
  5 orc knights
  7 deep elf pyromancers
  8 mana vipers
  9 ugly things
  A wolf spider (Lair:6)
  2 manticores
  9 elephants
  29 salamanders
  5 guardian serpents
  A torpor snail (Lair:3)
  16 naga magi
  31 black mambas
  Psyche (D:11)
  A gargoyle (Gauntlet)
  21 cane toads
  An unseen horror (D:9)
  A rime drake (shapeshifter) (D:14)
  8 komodo dragons
  A freezing wraith (D:14)
  6 rime drakes
  2 queen bees
  A polar bear (Lair:4)
  5 trolls
  4 hornets
  4 dream sheep (Lair:3)
  6 blink frogs
  9 slime creatures
  25 yaks
  An air elemental (Elf:1)
  3 basilisks
  A wraith (D:11)
  18 wyverns
  5 hogs
  3 redbacks (Lair:6)
  A golden eye (shapeshifter) (D:15)
  3 vampire mosquitoes
  2 basilisks (shapeshifter)
  A steam dragon (Lair:4)
  6 wargs
  39 nagas
  An acid dragon (D:14)
  23 water moccasins
  2 swamp drakes (Lair:4)
  38 orc warriors
  A sky beast (D:7)
  An ice beast (D:4)
  8 ogres
  A black bear (D:10)
  9 wolves (Lair:3)
  4 boggarts (D:14)
  16 centaurs
  2 phantoms
  A kobold brigand (D:9)
  A wyvern zombie (D:5)
  Blork the orc (D:6)
  A scorpion (D:6)
  9 bullfrogs
  A water moccasin zombie (D:6)
  A water moccasin skeleton (D:6)
  57 killer bees
  8 wights
  2 electric eels
  7 howler monkeys
  A lava snake (Snake:1)
  3 bullfrog zombies
  4 centaur zombies
  3 hounds
  4 jellies
  13 orc priests
  A centaur skeleton (D:7)
  2 iguanas (D:5)
  3 human skeletons (D:7)
  A scorpion zombie (D:4)
  16 orc wizards
  3 hound zombies (D:4)
  3 hound skeletons
  A howler monkey zombie (D:11)
  10 adders
  A shadow imp (D:5)
  A white imp (D:5)
  An ufetubus (D:4)
  5 adder zombies (D:4)
  An adder skeleton (D:4)
  2 worms (D:2)
  4 dart slugs
  74 orcs
  9 ball pythons
  5 bats
  7 endoplasms
  4 giant cockroaches
  6 goblins
  10 hobgoblins
  2 jackals (D:3)
  12 kobolds
  8 quokkas
  3 frilled lizards
  3 orc skeletons (D:7)
  5 rats
820 creatures vanquished.

Vanquished Creatures (others)
  A queen bee (Lair:3)
  A bush (Lair:5)
  4 demonic plants (D:1)
  56 fungi
  108 plants
  6 withered plants
176 creatures vanquished.

Grand Total: 996 creatures vanquished

Notes
Turn   | Place    | Note
-------+----------+-------------------------------------------
     0 | D:1      | Hasart the Demigod Hunter began the quest for the Orb.
     0 | D:1      | Reached XP level 1. HP: 17/17 MP: 3/3
    50 | D:1      | Reached skill level 1 in Stealth
   233 | D:1      | Reached XP level 2. HP: 24/24 MP: 4/4
   425 | D:1      | Reached skill level 4 in Bows
   480 | D:1      | Reached XP level 3. HP: 28/29 MP: 5/5
   994 | D:2      | Reached XP level 4. HP: 37/37 MP: 6/6
  2331 | D:4      | Reached XP level 5. HP: 41/42 MP: 7/7
  2692 | D:3      | Identified a scroll of acquirement
  2692 | D:3      | Acquired a manual of Spellcasting
  2711 | D:4      | Reached skill level 5 in Bows
  2849 | D:4      | Reached XP level 6. HP: 51/51 MP: 8/8
  3161 | D:4      | You fall into a shaft and drop 2 floors!
  3181 | D:6      | Noticed Blork the orc
  3545 | D:7      | Reached XP level 7. HP: 26/57 MP: 9/9
  4184 | D:7      | Reached skill level 6 in Bows
  4481 | D:6      | Killed Blork the orc
  4695 | D:6      | Found Gimismob's Antique Weapon Boutique.
  5064 | D:6      | Reached XP level 8. HP: 56/66 MP: 8/10
  5328 | D:5      | Entered Level 5 of the Dungeon
  5457 | D:5      | Reached skill level 7 in Bows
  5724 | D:5      | Noticed Pikel
  5738 | D:5      | Killed Pikel
  5739 | D:5      | Reached skill level 5 in Fighting
  5739 | D:5      | Reached skill level 5 in Dodging
  5739 | D:5      | Reached skill level 5 in Stealth
  5854 | D:5      | Found a staircase to the Ecumenical Temple.
  6405 | D:6      | Reached skill level 8 in Bows
  6482 | D:6      | Reached XP level 9. HP: 73/74 MP: 11/11
  7350 | D:4      | Acquired the +2 pair of gloves of the Gravedigger {rC+
                  | rCorr Int+4}
  8893 | D:9      | Identified the +8 dagger of Liadgh {vamp, Str+3}
  9005 | D:9      | Reached skill level 9 in Bows
 10618 | D:10     | Entered Level 10 of the Dungeon
 11124 | D:10     | Noticed a two-headed ogre
 11128 | D:10     | Noticed a komodo dragon
 11158 | D:9      | Killed a two-headed ogre
 11159 | D:9      | Reached XP level 10. HP: 74/84 MP: 10/13
 11317 | D:9      | HP: 2/84 [poisoned by an orc warrior]
 11586 | D:9      | Reached skill level 10 in Bows
 12452 | D:10     | Found a staircase to the Lair.
 12623 | Lair:1   | Entered Level 1 of the Lair of Beasts
 12623 | Lair:1   | Noticed a black mamba
 12631 | D:10     | Killed a black mamba
 12743 | D:11     | Noticed a two-headed ogre
 12791 | D:11     | Killed a two-headed ogre
 12816 | D:11     | Noticed an eight-headed hydra
 13247 | D:11     | Noticed Psyche
 13256 | D:11     | Killed Psyche
 13257 | D:11     | Reached XP level 11. HP: 89/92 MP: 12/14
 13480 | D:11     | Reached skill level 11 in Bows
 13660 | D:11     | Found a staircase to the Orcish Mines.
 14019 | D:12     | Noticed a five-headed hydra
 14347 | Orc:1    | Entered Level 1 of the Orcish Mines
 14496 | Orc:2    | Entered Level 2 of the Orcish Mines
 14541 | Orc:2    | Noticed a two-headed ogre
 14548 | Orc:2    | Killed a two-headed ogre
 14611 | Orc:2    | Found Cyaw Mafuu's Assorted Antiques.
 14647 | Orc:1    | Noticed Harold
 14891 | Orc:2    | Noticed a centaur warrior
 15422 | Orc:2    | Killed a centaur warrior
 15811 | Orc:2    | Noticed an orc knight
 15984 | Orc:2    | Killed an orc knight
 16341 | Orc:2    | Found Socyqiuw's Assorted Antiques.
 16341 | Orc:2    | Found Rupruag's Armour Shop.
 16343 | Orc:2    | Found Pagod's Jewellery Boutique.
 16345 | Orc:2    | Found Ukkottow's Assorted Antiques.
 16370 | Orc:2    | Noticed an orc knight
 16421 | Orc:2    | Found a staircase to the Elven Halls.
 16500 | Orc:2    | Reached skill level 12 in Bows
 16709 | Orc:2    | Killed an orc knight
 18055 | Lair:1   | Reached XP level 12. HP: 47/103 MP: 10/15
 18916 | Orc:2    | Bought the ring of Umevobon {rElec rC+ Int+6} for 1272 gold
                  | pieces
 19948 | Lair:3   | Reached skill level 13 in Bows
 19973 | Lair:3   | Found a staircase to the Shoals.
 20577 | Lair:3   | Reached skill level 10 in Stealth
 20599 | Lair:3   | Reached skill level 1 in Spellcasting
 21015 | Lair:4   | Noticed a six-headed hydra
 21028 | Lair:4   | Killed a six-headed hydra
 21173 | Lair:4   | Found a staircase to the Snake Pit.
 21310 | Lair:4   | Learned a level 4 spell: Passage of Golubria
 21477 | Lair:3   | Reached XP level 13. HP: 112/112 MP: 19/21
 22072 | Lair:4   | Identified the +1 whip "Quipot" {speed, rC++ Int+2}
 22337 | Lair:5   | Noticed Kirke
 22560 | Lair:4   | Reached skill level 1 in Translocations
 22603 | Lair:5   | Noticed Snorg
 22628 | Lair:4   | Reached skill level 14 in Bows
 22768 | Lair:4   | Reached skill level 10 in Dodging
 23019 | Lair:4   | Learned a level 3 spell: Gell's Gravitas
 23066 | Lair:5   | Reached skill level 10 in Fighting
 23141 | Lair:5   | Acquired a manual of Ice Magic
 23575 | Lair:5   | Killed Kirke
 23576 | Lair:5   | Reached skill level 5 in Spellcasting
 23812 | Lair:5   | Noticed Urug
 23885 | Lair:5   | Killed Urug
 24058 | Lair:5   | Killed Snorg
 24287 | Lair:6   | Entered Level 6 of the Lair of Beasts
 24450 | Lair:6   | Found a staircase to the Slime Pits.
 25104 | Lair:6   | Reached skill level 15 in Bows
 25260 | Lair:6   | Reached XP level 14. HP: 122/122 MP: 28/28
 26620 | D:12     | Found Cast's General Store.
 26624 | D:12     | Bought a scroll of blinking for 120 gold pieces
 27442 | D:13     | Reached skill level 5 in Translocations
 27549 | D:14     | Found a gate to the Vaults.
 27628 | D:14     | Found a gate leading to a gauntlet.
 27634 | Gauntlet | Entered a Gauntlet
 27634 | Gauntlet | Found a transporter.
 27634 | Gauntlet | Found a transporter.
 27638 | Gauntlet | Found a transporter.
 27638 | Gauntlet | Found a transporter.
 27638 | Gauntlet | Found a transporter.
 27639 | Gauntlet | Found a transporter.
 27650 | Gauntlet | Found a transporter.
 27654 | Gauntlet | Found a transporter.
 27671 | Gauntlet | Found a transporter.
 27775 | Gauntlet | Found a transporter.
 27777 | Gauntlet | Found a transporter.
 27787 | Gauntlet | Found a transporter.
 28260 | Gauntlet | Identified the ring "Needojap" {Ice rElec rPois Str+3
                  | Dex-3}
 28649 | D:14     | Noticed Frances
 28674 | D:14     | Killed Frances
 28731 | D:14     | Noticed Roxanne
 28765 | D:14     | Killed Roxanne
 28776 | D:14     | Learned a level 3 spell: Portal Projectile
 29119 | D:14     | Reached skill level 1 in Hexes
 29416 | D:15     | Entered Level 15 of the Dungeon
 29496 | D:15     | Reached skill level 16 in Bows
 30066 | D:15     | Reached XP level 15. HP: 116/130 MP: 26/32
 30122 | D:15     | Found a staircase to the Depths.
 30493 | Elf:1    | Entered Level 1 of the Elven Halls
 30577 | Elf:1    | Paralysed by an air elemental for 1 turns
 30937 | Snake:1  | Entered Level 1 of the Snake Pit
 31134 | Snake:1  | Identified the +9 trident of Pupror {vorpal, Dex+2}
 31686 | Snake:1  | Found Uprimp's Antique Weapon Emporium.
 32269 | Snake:1  | Identified the amulet "Lonaraagg" {Acrobat Int+6}
 32286 | Snake:1  | Learned a level 4 spell: Iskenderun's Mystic Blast
 32578 | Snake:2  | Found Vedoluv's Book Emporium.
 32578 | Snake:2  | Found Ummeg's Distillery.
 32591 | Snake:2  | Bought a potion of heal wounds for 90 gold pieces
 32591 | Snake:2  | Bought a potion of heal wounds for 90 gold pieces
 32771 | Snake:2  | Reached skill level 1 in Conjurations
 33213 | Snake:2  | Reached skill level 10 in Spellcasting
 33899 | Snake:2  | Noticed a nagaraja
 33917 | Snake:2  | Killed a nagaraja
 33918 | Snake:2  | Reached skill level 17 in Bows
 34715 | Snake:3  | Reached XP level 16. HP: 120/139 MP: 35/35
 35391 | Snake:3  | Reached skill level 5 in Hexes
 35471 | Snake:3  | Found Omeku's Mass Market.
 35960 | Snake:4  | Entered Level 4 of the Snake Pit
 36046 | Snake:4  | Found a flickering gateway to a bazaar.
 36056 | Bazaar   | Entered a bazaar
 36069 | Bazaar   | Found Qanloar's Antique Armour Emporium.
 36088 | Bazaar   | Found Cyhuw's Antique Weapon Emporium.
 36093 | Bazaar   | Found Arghagono's Antique Weapon Emporium.
 36097 | Bazaar   | Found Gemar's Book Shoppe.
 36109 | Bazaar   | Bought a Fen Folio for 504 gold pieces
 36109 | Bazaar   | Bought a book of the Dragon for 552 gold pieces
 36115 | Bazaar   | Learned a level 5 spell: Summon Forest
 36335 | Snake:4  | Shot with an arrow by a naga warrior

Illustrated notes

Levels and vault maps discovered:
D:1:      minmay_arrival_stone_box, layout_basic, shapermc_ecumenical_altar_gd,
          minmay_misc_feat_nine_boxes, minmay_bisected
D:2:      layout_rooms
D:3:      layout_loops_ring, grunt_ministairs_8
D:4:      layout_gridville, serial_undead, serial_undead_b, serial_undead_e,
          serial_undead_c, serial_undead_b, serial_undead_f, serial_undead_d
D:5:      layout_basic, minmay_temple_entry_glass, uniq_pikel
D:6:      layout_loops_ring, chequers_temple_overflow_minitemple, serial_shops,
          kennysheep_little_box, uniq_blork_the_orc
D:7:      layout_loops_cross, nicolae_overflow_crystal_walls,
          nicolae_ossuary_entry_catacombs
D:8:      layout_loops_corners, kennysheep_potato
D:9:      layout_stronghold, serial_co_window_serial, co_window_corner_a,
          co_window_of_opportunity_a, co_window_paths_b, co_window_paths_a,
          co_window_corner_a, co_window_corner_a, co_window_corner_a,
          co_window_broadway_a, co_window_corner_b, co_window_corner_cb,
          co_window_corner_b, co_window_cross_4, co_window_of_opportunity_b,
          co_window_of_opportunity_c, co_window_4corner_a, glass_columns_b,
          glass_columns_b, glass_columns_a, hangedman_abyss_or_decor_stagger
D:10:     layout_basic, grunt_lair_entry_orc_guard_hut, special_room
          [special_room_orc]
D:11:     layout_irregular_city, orc_0_dummy, uniq_psyche
D:12:     layout_basic, serial_shops, shop
D:13:     layout_rooms
D:14:     layout_roguey, erik_vaults_1, nicolae_elyvilon_temple_path,
          gauntlet_entry_generic, minmay_ruined_shrine, uniq_frances,
          uniq_roxanne
D:15:     grunt_enter_depths_hoard, layout_loops_ring,
          nicolae_qazlal_general_emergency, lemuel_flamethrower_2
Lair:1:   layout_misc_corridors, special_room [special_room_bee]
Lair:2:   layout_gridlike, special_room
Lair:3:   regret_index_wax_grids, layout_chaotic_city, shoals_dummy_entry,
          infiniplex_staircase_pool, grunt_megastairs_2
Lair:4:   layout_cave_pods, minmay_snake_entry_six_corridors,
          columned_hall_lemuel, guppyfry_lair_drakes
Lair:5:   layout_concentric_octagons, serial_bayou_shore_a, grunt_megastairs_5,
          uniq_kirke, uniq_snorg, uniq_urug
Lair:6:   hangedman_lair_tendril_chambers, layout_cellular_growth, slime_dummy
Snake:1:  layout_grid_maze, basic_altar, serial_shops, shop, st_stairs_6,
          nicolae_snake_salamander_zone
Snake:2:  layout_chambers, grunt_ministairs_12, minmay_shoptagon
Snake:3:  layout_chambers, grunt_ministairs_3, minmay_shop_mass,
          nicolae_snake_salamander_jacuzzi
Snake:4:  johnstein_snake_rune_scales, layout_cave_town, serial_shops,
          freezing_bzr, lemuel_fruit_tree, uniq_nikola, uniq_vashnia, uniq_aizul
Orc:1:    layout_caves, uniq_harold
Orc:2:    st_orc_rangers, layout_diamond_mine, serial_shops,
          nicolae_shop_crystal
Elf:1:    minmay_elf_arrival_plus, layout_rooms, serial_shops, bzr_entry_gold,
          minmay_elf_demonology

Skill      XL: |  1  2  3  4  5  6  7  8  9 10 11 12 13 14 15 16 |
---------------+-------------------------------------------------+-----
Stealth        | 1 2 3 4 5 6 7 9 10 | 10.0
Fighting       | 2 3 4 5 6 7 8 9 10 11 12 | 12.4
Dodging        | 2 3 4 5 6 7 8 9 10 11 12 | 12.5
Bows           | 4 5 6 8 9 10 12 13 15 16 17 | 17.4
Spellcasting   | 3 6 8 10 | 10.8
Translocations | 4 6 7 |  7.1
Hexes          | 2 4 5 |  5.2
Conjurations   | 2 3 |  3.7
Summonings     | |  0.4

Action                   |  1- 3 |  4- 6 |  7- 9 | 10-12 | 13-15 | 16-18 || total
-------------------------+-------+-------+-------+-------+-------+-------++-------
Melee: Shortbow          |       |       |       |     5 |       |       ||     5
 Fire: Shortbow          |    96 |   258 |   530 |  1290 |   345 |       ||  2519
       Longbow           |       |       |       |       |  1184 |   253 ||  1437
Throw: Throwing net      |       |       |       |     2 |       |       ||     2
 Cast: Passage of Golubr |       |       |       |       |     1 |     2 ||     3
       Iskenderun's Myst |       |       |       |       |       |     5 ||     5
       Portal Projectile |       |       |       |       |       |     1 ||     1
Evoke: Wand              |       |       |     3 |     3 |       |       ||     6
  Use: Scroll            |       |     2 |    14 |    13 |    12 |     4 ||    45
       Potion            |       |       |       |     5 |     6 |       ||    11
Armor: Leather armour    |     7 |    59 |    81 |       |       |       ||   147
       Troll leather arm |       |       |       |   170 |   106 |     8 ||   284
Dodge: Dodged            |    17 |    87 |   257 |   959 |   712 |    74 ||  2106

Table legend: (Time is in decaauts)
 A = Elapsed time spent in this place.
 B = Non-inter-level travel time spent in this place.
 C = Inter-level travel time spent in this place.
 D = Time resting spent in this place.
 E = Time spent auto-exploring this place.
 F = Levels seen in this place.
 G = Mean time per level.
                   A        B        C        D        E       F      G
               +--------+--------+--------+--------+--------+-----+--------+
         Total |  36513 |  33798 |   2715 |   4517 |  21129 |  30 | 1217.1 |
       Dungeon |  18310 |  16915 |   1395 |   1818 |  11559 |  15 | 1220.7 |
          Lair |   8621 |   7724 |    897 |    853 |   4981 |   6 | 1436.8 |
     Snake Pit |   5211 |   5077 |    134 |    625 |   3282 |   4 | 1302.8 |
  Orcish Mines |   3385 |   3110 |    275 |    894 |   1214 |   2 | 1692.5 |
   Elven Halls |    216 |    203 |     13 |     92 |     45 |   1 |  216.0 |
        Bazaar |     75 |     75 |      0 |      0 |     46 |   1 |   75.0 |
      Gauntlet |    692 |    692 |      0 |    234 |      0 |   1 |  692.0 |
               +--------+--------+--------+--------+--------+-----+--------+

Top non-repeatable levels by time:
     D:9: 2637 daAuts
   Orc:2: 2247 daAuts
  Lair:4: 2202 daAuts
    D:10: 1959 daAuts
 Snake:2: 1827 daAuts
  Lair:6: 1777 daAuts
     D:6: 1738 daAuts
 Snake:3: 1722 daAuts
  Lair:3: 1472 daAuts
     D:7: 1387 daAuts
 Snake:1: 1362 daAuts
  Lair:5: 1282 daAuts
    D:14: 1254 daAuts
     D:3: 1169 daAuts
     D:5: 1165 daAuts
